[Event "3rd FIDE WCCC Rapid G10 2019"]
[Site "Minsk"]
[Date "2019.08.16"]
[Round "4.2"]
[White "Sidorenja, Milena"]
[Black "Nurgaliyeva, Zarina"]
[Result "0-1"]
[ECO "C44"]
[WhiteElo "1573"]
[BlackElo "1474"]
[Annotator "NA"]
[PlyCount "166"]
[EventDate "2019.08.16"]
[EventType "swiss"]
[EventCountry "BLR"]
[SourceTitle "playchess.com"]
[Source "ChessBase"]
[SourceQuality "1"]
[TimeControl "600+5"]

1. e4 e5 2. Nf3 Nc6 3. d4 exd4 4. c3 d5 5. exd5 Qxd5 6. cxd4 Nf6 7. Nc3 Bb4 8. Bd2 Bxc3 9. Bxc3 Bg4 10. Be2 O-O 11. O-O Rad8 12. Qd3 Bf5 13. Qb5 Be4 14. Qxd5 Rxd5 15. Rad1 Rfd8 16. Ne5 Nxd4 17. Bc4 Rxe5 18. Bxd4 Ree8 19. Bc3 Bc2 20. Rde1 Rxe1 21. Rxe1 Kf8 22. Bb4+ Kg8 23. h3 Rd1 24. Rxd1 Bxd1 25. Bc5 b6 26. Be3 Kf8 27. Bf4 c6 28. Bd3 b5 29. g4 Nd5 30. Bb8 a5 31. Bd6+ Ke8 32. b3 Kd7 33. Be5 g6 34. Bb2 Nb4 35. Bb1 Bc2 36. Bxc2 Nxc2 37. f4 Nb4 38. a3 Nd3 39. Bc3 b4 40. axb4 axb4 41. Bd2 c5 42. Kf1 Kc6 43. Ke2 Nb2 44. Bc1 Na4 45. bxa4 c4 46. Kd2 Kb6 47. Kc2 Ka5 48. Bd2 Kxa4 49. h4 Kb5 50. h5 c3 51. Bxc3 bxc3 52. Kxc3 gxh5 53. gxh5 Kc5 54. Kd3 Kd5 55. Ke3 f5 56. Kf3 Kd4 57. h6 Kd3 58. Kg3 Ke3 59. Kg2 Kxf4 60. Kf2 Kg5 61. Kg3 Kxh6 62. Kf4 Kg6 63. Kg3 Kg5 64. Kf3 h5 65. Kg3 f4+ 66. Kf2 Kg4 67. Kg2 h4 68. Kf2 h3 69. Kg1 Kf3 70. Kh1 Ke2 71. Kh2 f3 72. Kxh3 f2 73. Kg4 f1=Q 74. Kg5 Qf3 75. Kg6 Qf4 76. Kg7 Qf5 77. Kg8 Qf6 78. Kh7 Qg5 79. Kh8 Kf3 80. Kh7 Kf4 81. Kh8 Kf5 82. Kh7 Kf6 83. Kh8 Qg7# 0-1

[Event "3rd FIDE WCCC Rapid G10 2019"]
[Site "Minsk"]
[Date "2019.08.16"]
[Round "4.3"]
[White "Toroptseva, Yevheniia"]
[Black "Mai, Hieu Linh"]
[Result "0-1"]
[ECO "C25"]
[WhiteElo "1496"]
[BlackElo "1344"]
[Annotator "NA"]
[PlyCount "68"]
[EventDate "2019.08.16"]
[EventType "swiss"]
[EventCountry "BLR"]
[SourceTitle "playchess.com"]
[Source "ChessBase"]
[SourceQuality "1"]
[TimeControl "600+5"]

1. e4 e5 2. Nc3 Nc6 3. g3 Bc5 4. Bg2 d6 5. Nge2 Nf6 6. d3 O-O 7. O-O a6 8. Bg5 h6 9. Bxf6 Qxf6 10. Nd5 Qd8 11. Kh1 Ne7 12. Nxe7+ Qxe7 13. f4 c6 14. f5 f6 15. c3 Qf7 16. Nc1 Kh8 17. Bf3 Bb6 18. Bh5 Qe7 19. Bg6 d5 20. Nb3 Bd7 21. Qh5 Be8 22. g4 Bxg6 23. fxg6 Rad8 24. Rf3 dxe4 25. dxe4 Rd7 26. Raf1 Rfd8 27. g5 fxg5 28. Rf7 Qe8 29. Qf3 Kg8 30. Qe2 Qe6 31. Qf3 Qxg6 32. Rf8+ Rxf8 33. Qxf8+ Kh7 34. Qc8 Qxe4+ 0-1

[Event "3rd FIDE WCCC Rapid G10 2019"]
[Site "Minsk"]
[Date "2019.08.16"]
[Round "4.5"]
[White "Kamenskaya, Marina"]
[Black "Smietanska, Wiktoria"]
[Result "0-1"]
[ECO "E12"]
[WhiteElo "1292"]
[BlackElo "1594"]
[Annotator "NA"]
[PlyCount "128"]
[EventDate "2019.08.16"]
[EventType "swiss"]
[EventCountry "BLR"]
[SourceTitle "playchess.com"]
[Source "ChessBase"]
[SourceQuality "1"]
[TimeControl "600+5"]

1. d4 Nf6 2. c4 e6 3. Nf3 b6 4. a3 Bb7 5. Bg5 Be7 6. e3 d6 7. Be2 O-O 8. O-O Nbd7 9. Nc3 h6 10. Bh4 c5 11. d5 e5 12. b4 Nh7 13. Bxe7 Qxe7 14. bxc5 Nxc5 15. Qc2 f5 16. e4 fxe4 17. Nxe4 Nxe4 18. Qxe4 Nf6 19. Qc2 Rac8 20. Qb3 Ba6 21. Qa4 Qb7 22. Rfe1 Ne4 23. Qc2 Nf6 24. Qa4 Rc5 25. Rac1 Rfc8 26. Nh4 b5 27. Qd1 bxc4 28. Nf5 Rxd5 29. Qa4 Bb5 30. Qb4 Qd7 31. Ne3 Rdc5 32. Nxc4 Bxc4 33. Rxc4 Rxc4 34. Bxc4+ Kh8 35. Rd1 d5 36. Bb5 Qc7 37. h3 Qc5 38. Qb2 Ne4 39. a4 d4 40. Bd3 Nc3 41. Ra1 e4 42. Ba6 Rd8 43. Qc1 Qb6 44. Bf1 Rc8 45. Qf4 d3 46. Rc1 Qe6 47. Re1 Rd8 48. Qc7 Rc8 49. Qf4 Qd5 50. Rc1 Ne2+ 51. Bxe2 Rxc1+ 52. Qxc1 dxe2 53. Kh2 Kh7 54. Qe3 Qd3 55. Qf4 e1=Q 56. Qf5+ Kg8 57. Qc8+ Kf7 58. Qc7+ Ke6 59. Qc6+ Qd6+ 60. Qxd6+ Kxd6 61. g3 Qxf2+ 62. Kh1 e3 63. g4 e2 64. g5 e1=R# 0-1

[Event "3rd FIDE WCCC Rapid G10 2019"]
[Site "Minsk"]
[Date "2019.08.16"]
[Round "4.6"]
[White "Mutina, Sofia"]
[Black "Bezsonna, Polina"]
[Result "1-0"]
[ECO "A01"]
[WhiteElo "1421"]
[BlackElo "1409"]
[Annotator "NA"]
[PlyCount "109"]
[EventDate "2019.08.16"]
[EventType "swiss"]
[EventCountry "BLR"]
[SourceTitle "playchess.com"]
[Source "ChessBase"]
[SourceQuality "1"]
[TimeControl "600+5"]

1. b3 e5 2. e3 Nc6 3. Bb2 d5 4. Bb5 Bd6 5. f4 Qe7 6. Bxc6+ bxc6 7. Nf3 Bg4 8. fxe5 Bxe5 9. Bxe5 Bxf3 10. Qxf3 Qxe5 11. O-O Nf6 12. Nc3 O-O 13. Rae1 Rad8 14. Ne2 Ne4 15. Rd1 Rd6 16. d4 Qe7 17. Ng3 Rf6 18. Nf5 Qe6 19. Qg4 Rg6 20. Qh4 Nf6 21. Rf3 Re8 22. Qf4 Qd7 23. Rdf1 Rg4 24. Nh6+ gxh6 25. Qxf6 Rg7 26. Qxh6 Qe6 27. Qxe6 Rxe6 28. Rf6 Rxe3 29. Rxc6 Re2 30. g3 Re7 31. Ra6 Rg6 32. Rxa7 Rc6 33. Rf2 Re4 34. Rd2 Re8 35. Kf2 Rf6+ 36. Kg2 Rc6 37. Ra5 Rd6 38. c4 dxc4 39. bxc4 Red8 40. d5 c6 41. Rc5 cxd5 42. Rcxd5 Rxd5 43. Rxd5 Ra8 44. Rd2 Kf8 45. Kf3 Ke7 46. Ke4 Ra4 47. Kd5 Kd7 48. Kc5+ Kc7 49. Kb5 Ra8 50. a4 Rb8+ 51. Kc5 Ra8 52. Ra2 Ra5+ 53. Kb4 Kb6 54. Rf2 Ra7 55. Rf6+ 1-0

[Event "3rd FIDE WCCC Rapid G10 2019"]
[Site "Minsk"]
[Date "2019.08.17"]
[Round "5.1"]
[White "Shukhman, Anna"]
[Black "Nurgaliyeva, Zarina"]
[Result "0-1"]
[ECO "C68"]
[WhiteElo "1806"]
[BlackElo "1474"]
[Annotator "NA"]
[PlyCount "80"]
[EventDate "2019.08.16"]
[EventType "swiss"]
[EventCountry "BLR"]
[SourceTitle "playchess.com"]
[Source "ChessBase"]
[SourceQuality "1"]
[TimeControl "600+5"]

1. e4 e5 2. Nf3 Nc6 3. Bb5 a6 4. Bxc6 dxc6 5. O-O Bg4 6. h3 Bh5 7. d3 f6 8. Nbd2 Bd6 9. Nc4 Ne7 10. Bd2 c5 11. a4 Nc6 12. c3 Qd7 13. Ne3 Rd8 14. Nd5 Ne7 15. Ne3 c6 16. g4 Bg6 17. Nh4 Bc7 18. Nxg6 hxg6 19. Qf3 Qxd3 20. Rad1 Qd7 21. Kg2 Qe6 22. c4 g5 23. Bc3 Ng6 24. Rxd8+ Bxd8 25. Rh1 Nh4+ 26. Kg3 Nxf3 27. Kxf3 b5 28. b3 bxa4 29. bxa4 Qd7 30. Rd1 Qc7 31. Kg3 g6 32. Rb1 Qh7 33. Rh1 Qb7 34. a5 Qb3 35. Rc1 Qa3 36. Nd1 Qxc1 37. Kg2 Qxd1 38. Kh2 Qd3 39. Ba1 Qxh3+ 40. Kg1 Qh1# 0-1

[Event "3rd FIDE WCCC Rapid G10 2019"]
[Site "Minsk"]
[Date "2019.08.17"]
[Round "5.2"]
[White "Mai, Hieu Linh"]
[Black "Mutina, Sofia"]
[Result "1/2-1/2"]
[ECO "C07"]
[WhiteElo "1344"]
[BlackElo "1421"]
[Annotator "NA"]
[PlyCount "65"]
[EventDate "2019.08.16"]
[EventType "swiss"]
[EventCountry "BLR"]
[SourceTitle "playchess.com"]
[Source "ChessBase"]
[SourceQuality "1"]
[TimeControl "600+5"]

1. e4 e6 2. d4 d5 3. Nd2 c5 4. exd5 Qxd5 5. dxc5 Bxc5 6. Ngf3 Nf6 7. Bc4 Qd6 8. O-O O-O 9. Nb3 Rd8 10. Bf4 Qb6 11. Qe2 Nc6 12. Rad1 Bd7 13. Nxc5 Qxc5 14. Ne5 Be8 15. Nxc6 Bxc6 16. Be3 Qb4 17. c3 Qe7 18. h3 Qc7 19. Rxd8+ Rxd8 20. Rd1 Rxd1+ 21. Qxd1 h6 22. Qd4 e5 23. Qxa7 Bxg2 24. Kxg2 Qxc4 25. Qxb7 Qxa2 26. Qb8+ Kh7 27. Qxe5 Qxb2 28. Qf5+ Kh8 29. Qc8+ Kh7 30. Qf5+ Kh8 31. Qc8+ Kh7 32. Qf5+ Kh8 33. Qc8+ 1/2-1/2

[Event "3rd FIDE WCCC Rapid G10 2019"]
[Site "Minsk"]
[Date "2019.08.17"]
[Round "5.3"]
[White "Smietanska, Wiktoria"]
[Black "Mizerova, Yana"]
[Result "0-1"]
[ECO "A27"]
[WhiteElo "1594"]
[BlackElo "1336"]
[Annotator "NA"]
[PlyCount "154"]
[EventDate "2019.08.16"]
[EventType "swiss"]
[EventCountry "BLR"]
[SourceTitle "playchess.com"]
[Source "ChessBase"]
[SourceQuality "1"]
[TimeControl "600+5"]

1. c4 e5 2. Nc3 Nc6 3. Nf3 g6 4. g3 Bg7 5. Bg2 d6 6. e3 f5 7. d4 Nf6 8. dxe5 dxe5 9. Qxd8+ Kxd8 10. Ng5 Ke7 11. Bxc6 bxc6 12. Nf3 Nd7 13. Bd2 e4 14. Nd4 Ne5 15. b3 Rd8 16. Ke2 c5 17. Nd5+ Rxd5 18. Nxf5+ Bxf5 19. cxd5 Rd8 20. h3 Nf3 21. Rac1 Nxd2 22. Kxd2 Rxd5+ 23. Ke2 Bd7 24. Rhd1 Rxd1 25. Kxd1 Kd6 26. Rc4 Kd5 27. a4 Bxh3 28. Kd2 Bd7 29. Rc1 Bb2 30. Rh1 h5 31. Rb1 Ba3 32. Rd1 Bb4+ 33. Kc2+ Kc6 34. Rh1 Bg4 35. Rc1 Be2 36. Rh1 Bd3+ 37. Kb2 c4 38. bxc4 Bxc4 39. Rc1 Kd5 40. Rd1+ Kc5 41. Rd7 Ba5 42. Rg7 Kb4 43. Rxg6 Kxa4 44. Rc6 Bb5 45. Rc5 Bb6 46. Rxh5 Bd3 47. Rh7 Bxe3 48. Rxc7 Bxf2 49. g4 Kb5 50. g5 Kb6 51. Re7 e3 52. Kc3 e2 53. Kd2 e1=Q+ 54. Rxe1 Bxe1+ 55. Kxe1 Kb5 56. Kd1 Kb4 57. Kc1 Ka3 58. Kd2 Bh7 59. Kc1 Ka2 60. Kd2 Kb2 61. Kd1 a5 62. Ke2 a4 63. Ke3 a3 64. Kf4 a2 65. Ke5 a1=Q 66. Kf6 Kb3+ 67. Kf7 Kc4 68. g6 Bxg6+ 69. Kxg6 Qf1 70. Kg5 Qf3 71. Kg6 Qf4 72. Kg7 Qf5 73. Kh8 Qg5 74. Kh7 Kd5 75. Kh8 Ke6 76. Kh7 Kf7 77. Kh8 Qg7# 0-1

[Event "3rd FIDE WCCC Rapid G10 2019"]
[Site "Minsk"]
[Date "2019.08.17"]
[Round "5.5"]
[White "Efimova, Darya"]
[Black "Sidorenja, Milena"]
[Result "1-0"]
[ECO "B20"]
[WhiteElo "1385"]
[BlackElo "1573"]
[Annotator "NA"]
[PlyCount "79"]
[EventDate "2019.08.16"]
[EventType "swiss"]
[EventCountry "BLR"]
[SourceTitle "playchess.com"]
[Source "ChessBase"]
[SourceQuality "1"]
[TimeControl "600+5"]

1. e4 c5 2. b3 e5 3. Bb2 d6 4. f4 Nf6 5. Nc3 Nc6 6. Bb5 Bd7 7. Nf3 Be7 8. Bxc6 Bxc6 9. fxe5 dxe5 10. Qe2 Qc7 11. O-O-O O-O-O 12. Kb1 Kb8 13. Rhe1 a6 14. d3 Rhe8 15. Qf2 g6 16. Qg3 Bd6 17. Qf2 Ka8 18. Nd2 Nh5 19. g3 Ng7 20. Nc4 f5 21. Nxd6 Qxd6 22. a3 Rf8 23. Qe2 f4 24. gxf4 Rxf4 25. Nd5 Rf7 26. Rf1 Rdf8 27. Rxf7 Rxf7 28. Nb6+ Kb8 29. Nc4 Qe7 30. Nxe5 Rf8 31. Nxc6+ bxc6 32. d4 Nh5 33. Qxa6 Qxe4 34. Qb6+ Ka8 35. Qxc5 Rc8 36. d5 Qe2 37. Rd4 Qe1+ 38. Ka2 Rb8 39. Ra4+ Kb7 40. Qxc6# 1-0

[Event "3rd FIDE WCCC Rapid G10 2019"]
[Site "Minsk"]
[Date "2019.08.17"]
[Round "5.6"]
[White "Khamdamova, Afruza"]
[Black "Kamenskaya, Marina"]
[Result "1-0"]
[ECO "C87"]
[WhiteElo "1607"]
[BlackElo "1292"]
[Annotator "NA"]
[PlyCount "83"]
[EventDate "2019.08.16"]
[EventType "swiss"]
[EventCountry "BLR"]
[SourceTitle "playchess.com"]
[Source "ChessBase"]
[SourceQuality "1"]
[TimeControl "600+5"]

1. e4 e5 2. Nf3 Nc6 3. Bb5 a6 4. Ba4 d6 5. O-O Nf6 6. Re1 Be7 7. c3 b5 8. Bc2 O-O 9. h3 Bb7 10. d4 exd4 11. cxd4 Nb4 12. Nbd2 Nxc2 13. Qxc2 d5 14. e5 Nd7 15. Nf1 c5 16. Be3 Rc8 17. Qd2 c4 18. Ng3 b4 19. Rac1 Re8 20. Nf5 Nf8 21. Nxe7+ Qxe7 22. Bg5 Qd7 23. Qxb4 Ne6 24. Bd2 Rb8 25. Qc3 Bc6 26. Nh2 Qb7 27. Rb1 Qb6 28. Be3 Ba4 29. f4 Bd7 30. f5 Nc7 31. Rf1 Nb5 32. Qd2 Qc7 33. Rbc1 Kh8 34. Qf2 Qb6 35. f6 Be6 36. fxg7+ Kg8 37. Ng4 Kxg7 38. Bh6+ Kg8 39. Qf6 Qxd4+ 40. Kh1 Qxg4 41. hxg4 Bxg4 42. Qg7# 1-0

[Event "3rd FIDE WCCC Rapid G10 2019"]
[Site "Minsk"]
[Date "2019.08.17"]
[Round "6.1"]
[White "Nurgaliyeva, Zarina"]
[Black "Mai, Hieu Linh"]
[Result "1-0"]
[ECO "C46"]
[WhiteElo "1474"]
[BlackElo "1344"]
[Annotator "NA"]
[PlyCount "85"]
[EventDate "2019.08.16"]
[EventType "swiss"]
[EventCountry "BLR"]
[SourceTitle "playchess.com"]
[Source "ChessBase"]
[SourceQuality "1"]
[TimeControl "600+5"]

1. e4 e5 2. Nf3 Nc6 3. Nc3 Bc5 4. Nxe5 Nxe5 5. d4 Bd6 6. dxe5 Bxe5 7. Bd3 Bxc3+ 8. bxc3 d6 9. O-O Nf6 10. f4 O-O 11. Qf3 Qe7 12. Ba3 c5 13. Rae1 Qc7 14. e5 dxe5 15. fxe5 Ng4 16. Qe4 f5 17. Qc4+ Kh8 18. Qxc5 Qxc5+ 19. Bxc5 Re8 20. Bd4 Nh6 21. Bb5 Re7 22. Bc5 Rc7 23. Bd6 Rxc3 24. e6 Bxe6 25. Rxe6 Rxc2 26. Rfe1 Kg8 27. Ba4 Rb2 28. Bb3 Kf7 29. R6e2+ Rxb3 30. axb3 a5 31. Re7+ Kg6 32. Rxb7 Rd8 33. Re6+ Kh5 34. Rxg7 Ng4 35. Rxh7+ Kg5 36. Be7+ Kf4 37. Bxd8 a4 38. bxa4 Nxh2 39. Bc7+ Kg5 40. Rg7+ Kh5 41. Kxh2 f4 42. Bxf4 Kh4 43. Rh6# 1-0

[Event "3rd FIDE WCCC Rapid G10 2019"]
[Site "Minsk"]
[Date "2019.08.17"]
[Round "6.2"]
[White "Mizerova, Yana"]
[Black "Shukhman, Anna"]
[Result "1/2-1/2"]
[ECO "A45"]
[WhiteElo "1336"]
[BlackElo "1806"]
[Annotator "NA"]
[PlyCount "225"]
[EventDate "2019.08.16"]
[EventType "swiss"]
[EventCountry "BLR"]
[SourceTitle "playchess.com"]
[Source "ChessBase"]
[SourceQuality "1"]
[TimeControl "600+5"]

1. d4 Nf6 2. Bg5 g6 3. Bxf6 exf6 4. g3 Bg7 5. Bg2 d5 6. e3 {[%emt 0:00:08] A45: Trompowsky Attack} f5 7. Ne2 c5 $146 ({Predecessor:} 7... c6 8. O-O h5 9. c4 dxc4 10. Na3 h4 11. Nxc4 hxg3 12. hxg3 Be6 13. Qd3 {1-0 (40) Torre,E (2447)-Salgado Lopez,I (2662) Baku 2016}) 8. c3 cxd4 9. cxd4 Nc6 10. Nbc3 Be6 11. Nf4 Ne7 12. Qb3 O-O 13. O-O Bh6 14. Nfxd5 Kh8 15. Qxb7 Nxd5 16. Nxd5 Rb8 17. Qc7 Bxd5 18. Qe5+ Kg8 19. Qxd5 Rxb2 20. Qxd8 Rxd8 21. Rfb1 Rdb8 22. Rxb2 Rxb2 23. Bd5 Rb5 24. Bb3 Bf8 25. Rc1 Rb7 26. d5 Bd6 27. Rc6 Rd7 28. Rc8+ Kg7 29. Ba4 Rc7 30. Rxc7 Bxc7 31. Kf1 Kf6 32. Ke2 Ke5 33. Bc6 f6 34. Kd3 h6 35. f4+ Kd6 36. Kc4 g5 37. Be8 Bb6 38. Bg6 Bxe3 39. fxg5 fxg5 40. Bxf5 Bf2 41. Be6 Bc5 42. Kb5 Bf2 43. Bf7 Be1 44. Kc4 Bf2 45. a4 Ke5 46. Kb5 Kd6 47. Kc4 Bc5 48. Kb5 Bg1 49. h3 Bf2 50. g4 Bb6 51. Be6 Bc5 52. Bf7 Be3 53. Kc4 Ke5 54. Be6 Bb6 55. Kb5 Kd6 56. Kc4 Ba5 57. Kb5 Bd2 58. Kc4 Be3 59. Bf7 Bb6 60. Be6 Ke5 61. Kb5 Kd6 62. Kc4 Ba5 63. Kd4 Be1 64. Ke4 Kc5 65. Kf5 Bd2 {[%emt 0:00:18] [#]} 66. Kg6 $1 Bf4 67. Kxh6 Kb4 68. Bd7 Kc5 69. Bc6 Kd6 70. Kh5 Bd2 71. h4 gxh4 72. Kxh4 Bb4 73. Kh5 Ke7 74. Kh6 Bd2+ 75. g5 Be3 $18 76. Kg6 Bd2 77. Kf5 Bc3 78. g6 Bg7 79. Ke4 Bc3 80. Kd3 Be5 81. Kc4 Kd6 82. Kb5 Bf6 83. Ka6 Bd4 84. g7 Bxg7 85. Kxa7 Kc7 86. a5 Bd4+ 87. Ka6 Be3 88. Kb5 Bf2 89. a6 Bg1 90. Kc4 Kd6 91. Kd3 Ba7 92. Ke4 Bg1 93. Kf5 Bd4 94. Kg6 Ke7 95. Kf5 Kd6 96. Bb7 Ke7 97. Ke4 Bb6 98. Ke5 Bc7+ 99. Kf5 Bb6 100. Bc6 Bg1 101. Ke4 Kd6 102. Kd3 Bf2 103. Kc4 Bg1 104. Bb7 Bf2 105. Kd3 Bg1 106. Ke4 Bf2 107. Kf5 Ke7 108. Bc6 Bg1 109. Kg6 Bf2 110. Kg7 Bg1 111. Kg6 Bf2 112. Kf5 Bg1 113. Ke4 1/2-1/2

[Event "3rd FIDE WCCC Rapid G10 2019"]
[Site "Minsk"]
[Date "2019.08.17"]
[Round "6.3"]
[White "Fedorova, Olesya"]
[Black "Shenker, Angelina"]
[Result "1-0"]
[ECO "B13"]
[WhiteElo "1578"]
[BlackElo "1403"]
[Annotator "NA"]
[PlyCount "59"]
[EventDate "2019.08.16"]
[EventType "swiss"]
[EventCountry "BLR"]
[SourceTitle "playchess.com"]
[Source "ChessBase"]
[SourceQuality "1"]
[TimeControl "600+5"]

1. e4 c6 2. d4 d5 3. exd5 cxd5 4. Bd3 Nc6 5. c3 Qc7 6. Nf3 Bg4 7. O-O e6 8. Be3 Bd6 9. h3 Bh5 10. Nbd2 Nge7 11. Qc2 Bg6 12. Bxg6 Nxg6 13. Nb3 O-O 14. Nc1 Bf4 15. Nd3 Bxe3 16. fxe3 Rac8 17. Rae1 Na5 18. e4 Nc4 19. e5 f6 20. exf6 Rxf6 21. Nc5 Re8 22. b3 Nd6 23. Ng5 Rxf1+ 24. Rxf1 Qc8 25. Re1 Nb5 26. Rxe6 Rxe6 27. Ncxe6 Qxc3 28. Qf2 Qc8 29. Qf7+ Kh8 30. Qxg7# 1-0

[Event "3rd FIDE WCCC Rapid G10 2019"]
[Site "Minsk"]
[Date "2019.08.17"]
[Round "6.4"]
[White "Toroptseva, Yevheniia"]
[Black "Efimova, Darya"]
[Result "1-0"]
[ECO "B22"]
[WhiteElo "1496"]
[BlackElo "1385"]
[Annotator "NA"]
[PlyCount "151"]
[EventDate "2019.08.16"]
[EventType "swiss"]
[EventCountry "BLR"]
[SourceTitle "playchess.com"]
[Source "ChessBase"]
[SourceQuality "1"]
[TimeControl "600+5"]

1. e4 c5 2. c3 d6 3. d4 Nf6 4. f3 g6 5. dxc5 dxc5 6. Qxd8+ Kxd8 7. Bc4 Ke8 8. Be3 e5 9. Ke2 Nbd7 10. Na3 a6 11. Rd1 Be7 12. Nh3 Kf8 13. Bh6+ Ke8 14. Ng5 Rf8 15. Bxf8 Kxf8 16. Nxf7 b5 17. Be6 c4 18. Ng5 Nc5 19. Bxc8 Rxc8 20. Nh3 Nd3 21. Rd2 Rd8 22. Rhd1 Kf7 23. Ng5+ Kg8 24. Nh3 Bc5 25. g3 h6 26. b4 Bb6 27. Rxd3 cxd3+ 28. Rxd3 Rxd3 29. Kxd3 Kf7 30. c4 bxc4+ 31. Nxc4 Bc7 32. a4 Ke6 33. b5 axb5 34. axb5 Nd7 35. f4 Nc5+ 36. Ke3 Nd7 37. fxe5 Nxe5 38. Nxe5 Kxe5 39. Nf4 Bb6+ 40. Kd3 g5 41. Nd5 Ba7 42. Nb4 Bb6 43. Nc6+ Kd6 44. e5+ Kd5 45. Kc3 Bc5 46. Nb4+ Ke6 47. Nd3 Bb6 48. Kc4 h5 49. Nc5+ Ke7 50. Kd5 h4 51. g4 h3 52. Ne4 Be3 53. e6 Kd8 54. Kc6 Ke7 55. b6 Kxe6 56. b7 Bf4 57. Nxg5+ Kf6 58. Nxh3 Bxh2 59. g5+ Kg6 60. Kd7 Kh5 61. Ke6 Kg6 62. Kd5 Kf5 63. Kc6 Ke6 64. Nf2 Kf5 65. Ne4 Ke6 66. g6 Be5 67. Nc5+ Kf5 68. g7 Bxg7 69. b8=Q Be5 70. Qf8+ Kg4 71. Nd3 Bg3 72. Qg7+ Kh3 73. Qg6 Kh2 74. Kd5 Kh1 75. Ke4 Bh2 76. Nf2# 1-0

[Event "3rd FIDE WCCC Rapid G10 2019"]
[Site "Minsk"]
[Date "2019.08.17"]
[Round "6.5"]
[White "Zubkovskaya, Ekaterina"]
[Black "Khamdamova, Afruza"]
[Result "0-1"]
[ECO "C89"]
[WhiteElo "1449"]
[BlackElo "1607"]
[Annotator "NA"]
[PlyCount "61"]
[EventDate "2019.08.16"]
[EventType "swiss"]
[EventCountry "BLR"]
[SourceTitle "playchess.com"]
[Source "ChessBase"]
[SourceQuality "1"]
[TimeControl "600+5"]

1. e4 e5 2. Nf3 Nc6 3. Bb5 a6 4. Ba4 Nf6 5. O-O Be7 6. Re1 b5 7. Bb3 O-O 8. c3 d5 9. exd5 Nxd5 10. Nxe5 Nxe5 11. Rxe5 c6 12. d4 Bd6 13. Re1 Qh4 14. g3 Qh3 15. Bxd5 cxd5 16. Qf3 Bg4 17. Qg2 Qh5 18. h4 Rae8 19. Be3 Bf3 20. Qh3 Bg4 21. Qg2 Re6 22. Nd2 Rg6 23. Nf1 Bf3 24. Qh3 f5 25. Kh2 Rg4 26. Kg1 f4 27. Bd2 fxg3 28. fxg3 Be4 29. Re2 Rf3 30. Rg2 Rxf1+ 31. Rxf1 {time} 0-1

[Event "3rd FIDE WCCC Rapid G10 2019"]
[Site "Minsk"]
[Date "2019.08.17"]
[Round "6.6"]
[White "Mutina, Sofia"]
[Black "Liashkevich, Lizaveta"]
[Result "1/2-1/2"]
[ECO "A01"]
[WhiteElo "1421"]
[BlackElo "1370"]
[Annotator "NA"]
[PlyCount "144"]
[EventDate "2019.08.16"]
[EventType "swiss"]
[EventCountry "BLR"]
[SourceTitle "playchess.com"]
[Source "ChessBase"]
[SourceQuality "1"]
[TimeControl "600+5"]

1. b3 e5 2. e3 d5 3. Bb2 Bd6 4. f4 f6 5. fxe5 Bxe5 6. Bxe5 fxe5 7. Qh5+ Kf8 8. Qxe5 Nf6 9. Be2 Nc6 10. Qf4 Ke7 11. Nf3 Rf8 12. O-O Kf7 13. Qh4 Kg8 14. Nc3 Bd7 15. Bd3 Be8 16. Ng5 h6 17. Ne6 Qd6 18. Nxf8 Kxf8 19. Rxf6+ gxf6 20. Qxh6+ Ke7 21. Rf1 Bf7 22. Nb5 Qe5 23. Bf5 d4 24. Nxd4 Nxd4 25. exd4 Qxd4+ 26. Kh1 Re8 27. Qe3+ Qxe3 28. dxe3 Kd6 29. Rd1+ Ke5 30. e4 Be6 31. Bxe6 Kxe6 32. Kg1 Re7 33. Kf2 Kf7 34. Kf3 Ke8 35. Kf4 Re5 36. Rd5 Re6 37. e5 Rc6 38. c4 Ra6 39. a4 Rb6 40. Rb5 fxe5+ 41. Rxe5+ Kd7 42. Re3 c6 43. c5 Rb4+ 44. Kf3 Rh4 45. Kg3 Rh5 46. Rc3 Rd5 47. h4 Ke6 48. Kh3 Kf5 49. g4+ Kg6 50. Kg3 a5 51. Kf3 Rd4 52. Kg3 Rd5 53. Kf3 Rd4 54. Kg3 Rd5 55. g5 Kh5 56. Kf4 Kxh4 57. Rc1 Kh5 58. Rc3 Rxg5 59. Rc4 Rd5 60. Re4 Rxc5 61. Re5+ Rxe5 62. Kxe5 b5 63. Kd6 bxa4 64. bxa4 Kg6 65. Kxc6 Kf6 66. Kb5 Ke7 67. Kxa5 Kd8 68. Kb6 Kc8 69. Ka7 Kc7 70. a5 Kc8 71. Kb6 Kb8 72. a6 Ka8 1/2-1/2

[Event "3rd FIDE WCCC Rapid G10 2019"]
[Site "Minsk"]
[Date "2019.08.17"]
[Round "7.1"]
[White "Khamdamova, Afruza"]
[Black "Nurgaliyeva, Zarina"]
[Result "1-0"]
[ECO "C72"]
[WhiteElo "1607"]
[BlackElo "1474"]
[Annotator "NA"]
[PlyCount "128"]
[EventDate "2019.08.16"]
[EventType "swiss"]
[EventCountry "BLR"]
[SourceTitle "playchess.com"]
[Source "ChessBase"]
[SourceQuality "1"]
[TimeControl "600+5"]

1. e4 e5 2. Nf3 Nc6 3. Bb5 a6 4. Ba4 d6 5. O-O Bg4 6. h3 h5 7. d3 Qf6 8. Nbd2 Nge7 9. c3 Bd7 10. Re1 Ng6 11. Nf1 Nf4 12. Bxf4 Qxf4 13. Ne3 O-O-O 14. b4 Na7 15. Bxd7+ Rxd7 16. a4 b6 17. c4 Qf6 18. c5 dxc5 19. Nd5 Qd8 20. Nxe5 Rxd5 21. exd5 Qxd5 22. bxc5 Bxc5 23. Qf3 Qxf3 24. Nxf3 Rd8 25. Rad1 Nc6 26. Ne5 Nxe5 27. Rxe5 Rd4 28. a5 g6 29. axb6 cxb6 30. Re4 a5 31. Kf1 a4 32. Re8+ Kb7 33. Ke2 a3 34. Re4 b5 35. Rb1 Kb6 36. Re8 b4 37. Kd2 Rd7 38. Kc2 a2 39. Ra1 Ra7 40. Re4 Ra3 41. Kb2 b3 42. Rc4 Be7 43. d4 Kb5 44. Rc7 Bd6 45. Rxf7 Kc4 46. Rd7 Bf8 47. Rc1+ Kb5 48. Rb7+ Ka6 49. Rxb3 Rxb3+ 50. Kxb3 Bg7 51. Kxa2 Bxd4 52. Rc6+ Kb5 53. Rxg6 Bxf2 54. Rg5+ Kc4 55. Rxh5 Kd4 56. Rf5 Bg3 57. Rf3 Bc7 58. h4 Ke4 59. h5 Be5 60. h6 Kd5 61. h7 Bg7 62. Rf7 Bh8 63. Rf8 Bg7 64. h8=Q Bxf8 1-0

[Event "3rd FIDE WCCC Rapid G10 2019"]
[Site "Minsk"]
[Date "2019.08.17"]
[Round "7.2"]
[White "Mizerova, Yana"]
[Black "Fedorova, Olesya"]
[Result "0-1"]
[ECO "E73"]
[WhiteElo "1336"]
[BlackElo "1578"]
[Annotator "NA"]
[PlyCount "62"]
[EventDate "2019.08.16"]
[EventType "swiss"]
[EventCountry "BLR"]
[SourceTitle "playchess.com"]
[Source "ChessBase"]
[SourceQuality "1"]
[TimeControl "600+5"]

1. d4 Nf6 2. c4 g6 3. Nc3 Bg7 4. e4 d6 5. Be2 O-O 6. Bg5 c5 7. d5 e6 8. f3 h6 9. Be3 exd5 10. cxd5 Na6 11. Qd2 Nc7 12. h4 Kh7 13. g4 Nd7 14. h5 g5 15. Bd3 Ne5 16. Be2 f6 17. Nh3 b5 18. Nf2 b4 19. Ncd1 Ba6 20. f4 Nc4 21. Bxc4 Bxc4 22. f5 Na6 23. b3 Bb5 24. Nb2 Nb8 25. Nc4 Nd7 26. Nxd6 Ne5 27. Qc1 Qxd6 28. Bxc5 Nf3+ 29. Kd1 Qe5 30. Rh3 Ng1 31. Rh1 Ne2 0-1

[Event "3rd FIDE WCCC Rapid G10 2019"]
[Site "Minsk"]
[Date "2019.08.17"]
[Round "7.3"]
[White "Tsareva, Darya"]
[Black "Toroptseva, Yevheniia"]
[Result "0-1"]
[ECO "B12"]
[WhiteElo "1177"]
[BlackElo "1496"]
[Annotator "NA"]
[PlyCount "66"]
[EventDate "2019.08.16"]
[EventType "swiss"]
[EventCountry "BLR"]
[SourceTitle "playchess.com"]
[Source "ChessBase"]
[SourceQuality "1"]
[TimeControl "600+5"]

1. e4 c6 2. d4 d5 3. e5 Bf5 4. Nf3 e6 5. Be2 c5 6. c3 Nc6 7. O-O Rc8 8. Re1 Qb6 9. Bd3 Bxd3 10. Qxd3 cxd4 11. Nxd4 Bc5 12. b3 Bxd4 13. cxd4 Nb4 14. Qg3 Qxd4 15. Qxg7 Nd3 16. Be3 Qxa1 17. Qxh8 Kd7 18. Rf1 Nxe5 19. f4 Nf3+ 20. Rxf3 Qxh8 21. Rf1 d4 22. Bf2 Rc2 23. Rd1 Qg7 24. g3 Qh6 25. Na3 Rxf2 26. Rxd4+ Ke7 27. Kxf2 Qxh2+ 28. Kf3 Qxa2 29. Nc4 Qxb3+ 30. Ne3 Nf6 31. f5 Nd5 32. Re4 Nxe3 33. Rxe3 Qd5+ 0-1